 Dungeon Crawl Stone Soup version 0.31.0-12-g77e489cdc1 (webtiles) character file.

Game seed: 16750437271750162207

73 Gadfly the Insei (level 4, -4/35 HPs)
             Began as a Demonspawn Monk on Mar 1, 2024.
             Slain by a gnoll sergeant
             ... wielding a +0 spear
              (12 damage)
             ... on level 2 of the Dungeon.
             The game lasted 00:01:57 (1719 turns).

Gadfly the Insei (Demonspawn Monk)                  Turns: 1719, Time: 00:01:58

Health: -4/35      AC:  4    Str: 14    XL:     4   Next: 8%
Magic:  4/4        EV: 15    Int: 10    God:
Gold:   93         SH:  0    Dex: 15    Spells: 3/3 levels left

rFire   . .          .
                       - Unarmed
rCold   . . .        c - orb {light}
rNeg    . . .        a - +0 robe
rPois   .            k - +1 hat
rElec   .            (no cloak)
rCorr   .            d - +0 pair of gloves
SInv    .            (no boots)
Will    .....        (no amulet)
Stlth   +            (no ring)
HPRegen 0.25/turn    (no ring)
MPRegen 0.09/turn

%: no passive effects
@: hasted, glowing, very quick
A: repulsion field 1, demonic touch 1
a: no special abilities


You were on level 2 of the Dungeon.
You visited 1 branch of the dungeon, and saw 2 of its levels.

You collected 93 gold pieces.

Inventory:

Armour
 a - a +0 robe (worn)
 c - an orb of light (worn)
 d - a +0 pair of gloves (worn)
 k - a +1 hat (worn)
Scrolls
 f - a scroll of fear {unknown}
 i - a scroll of teleportation {unknown}
 j - a scroll of torment {unknown}
Potions
 b - a potion of ambrosia
 h - a potion of curing {unknown}


   Skills:
 - Level 3.0 Fighting
 + Level 3.0 Dodging
 * Level 3.3 Unarmed Combat
 * Level 1.7 Evocations
 * Level 1.3 Shapeshifting


You had 3 spell levels left.
You didn't know any spells.
Your spell library contained the following spells:

 Spells                   Type           Power      Damage    Failure   Level
 Ensorcelled Hibernation  Hex/Ice        0%         N/A       50%         2
 Fugue of the Fallen      Necr           0%         N/A       75%         3
 Anguish                  Hex/Necr       0%         N/A       98%         4


Dungeon Overview and Level Annotations

Branches:
Dungeon (2/15)

Altars:

Shops:
D:2 :


Innate Abilities, Weirdness & Mutations

You are surrounded by a mild repulsion field. (EV +2)
Your touch may inflict minor irresistible damage on your foes.


Message History

You hit the gnoll sergeant.
The gnoll sergeant is lightly wounded.
Unknown command.
You hit the gnoll sergeant.
The gnoll sergeant is moderately wounded.
The gnoll sergeant hits you with a +0 spear!
The gnoll closely misses you.
You hit the gnoll sergeant but do no damage.
The gnoll sergeant is moderately wounded.
The gnoll sergeant hits you with a +0 spear!
You hit the gnoll sergeant.
The gnoll sergeant is heavily wounded.
The gnoll completely misses you.
You hit the gnoll sergeant.
The gnoll sergeant is heavily wounded.
The gnoll sergeant completely misses you.
The gnoll completely misses you.
You hit the gnoll sergeant.
The gnoll sergeant is severely wounded.
The gnoll sergeant misses you.
You hit the gnoll sergeant but do no damage.
The gnoll sergeant is severely wounded.
The gnoll closely misses you.
You hit the gnoll sergeant but do no damage.
The gnoll sergeant is severely wounded.
The gnoll sergeant barely misses you.
You hit the gnoll sergeant but do no damage.
The gnoll sergeant is severely wounded.
The gnoll barely misses you.
You hit the gnoll sergeant but do no damage.
The gnoll sergeant is severely wounded.
The gnoll sergeant hits you with a +0 spear.
The gnoll hits you with a +0 flail!
* * * LOW HITPOINT WARNING * * *
You hit the gnoll sergeant.
The gnoll sergeant is severely wounded.
You hit the gnoll sergeant but do no damage.
The gnoll sergeant is severely wounded.
The gnoll sergeant hits you with a +0 spear!
You die...

.#####...##### #.......#..
♣♣ ###...## ###.......###
.♣♣ #......# ##.##.######
..♣♣♣ #.#..>.#
##.#....###### ..).♣♣♣
#.##.#.###.###.#......#
.♣....♣♣##.##......##
##...###.##
.......)....###.###.###.##.#
#.#.
..♣..)♣♣##..###g####.#.###(#
#..#
....♣♣♣##......g@........#.#
#>##
..♣♣♣###.##.#.#####...#..#.#
#.# )♣♣
##.#......#####...#..#.#
#.## ♣♣
#..####.#..............#
##.#
#.......#.#####.###..### ##.
##......#.# #........# ##
########.# #........#
###.### ##.##.##.# #.....#
#.##.##.#


You could see a gnoll sergeant and a gnoll.

Vanquished Creatures
  3 gnolls
  A dart slug (D:1)
  5 endoplasms
  3 giant cockroaches (D:1)
  2 goblins (D:2)
  5 hobgoblins (D:1)
  3 jackals (D:1)
  A quokka (D:1)
  4 ball pythons (D:1)
  2 bats (D:1)
  5 frilled lizards
  2 kobolds (D:1)
  4 rats
40 creatures vanquished.

Notes
Turn   | Place    | Note
-------+----------+-------------------------------------------
     0 | D:1      | Gadfly the Demonspawn Monk began the quest for the Orb.
     0 | D:1      | Reached XP level 1. HP: 18/18 MP: 1/1
   159 | D:1      | Gained mutation: Your touch may inflict minor irresistible
                  | damage on your foes. [demonic ancestry]
   159 | D:1      | Reached XP level 2. HP: 12/24 MP: 2/2
   403 | D:1      | Reached skill level 1 in Evocations
   433 | D:1      | Reached skill level 1 in Shapeshifting
   441 | D:1      | Reached XP level 3. HP: 13/29 MP: 3/3
  1363 | D:2      | Gained mutation: You are surrounded by a mild repulsion
                  | field. (EV +2) [demonic ancestry]
  1363 | D:2      | Reached XP level 4. HP: 17/35 MP: 4/4
  1487 | D:2      | Found Wuduaj's Book Emporium.
  1683 | D:2      | Noticed a gnoll sergeant
  1683 | D:2      | Found the +5 woodcutter's axe
  1719 | D:2      | Slain by a gnoll sergeant

Illustrated notes

Levels and vault maps discovered:
D:1:      dpeg_arrival_rhombi, layout_loops_ring, minmay_pentomino_z4
D:2:      layout_loops_cross, serial_shops, shop, pf_guarded_unrand_woodcutter

Skill      XL: |  1  2  3 |
---------------+----------+-----
Unarmed Combat | 3 |  3.3
Evocations     | 1 |  1.7
Shapeshifting  | 1 |  1.3
Dodging        | 3 |  3.0
Fighting       | |  3.0

Action                     |  1- 3 |  4- 6 || total
---------------------------+-------+-------++-------
  Melee: Unarmed           |   139 |    22 ||   161
    Use: Scroll            |     1 |       ||     1
         Potion            |       |     1 ||     1
 Armour: Robe              |    73 |    12 ||    85
  Dodge: Dodged            |   103 |    22 ||   125
